 Dungeon Crawl Stone Soup version 0.23.0-3-gf3c87f2df8 (webtiles) character file.

Game seed: 10439902964961345384

6462 Sondor the Cleaver (level 10, -1/63 HPs)
             Began as a Demonspawn Chaos Knight on Feb 22, 2019.
             Was a Plaything of Xom.
             Killed by divine providence
             ... invoked by an orc priest
              (12 damage)
             ... on level 1 of the Orcish Mines.
             The game lasted 00:17:52 (9500 turns).

Sondor the Cleaver (Demonspawn Chaos Knight)        Turns: 9500, Time: 00:17:54

Health: -1/63      AC: 15    Str: 21    XL:     10   Next: 68%
Magic:  10/10      EV: 10    Int: 14    God:    Xom [....*.]
Gold:   494        SH:  3    Dex: 12    Spells: 9/9 levels left

rFire    + . .     SeeInvis .   A - +8 spear "Xizecral" {elec, *Slow rPois rF+ Str+2}
rCold    . . .     Gourm    .   (no shield)
rNeg     . . .     Faith    .   i - +1 plate armour
rPois    +         Spirit   .   (helmet restricted)
rElec    .         Reflect  +   (no cloak)
rCorr    +         Harm     .   (no gloves)
MR       .....                  y - +0 pair of boots
Stlth    ..........             r - +3 amulet of reflection
HPRegen  0.20/turn              v - +5 ring of strength
MPRegen  0.12/turn              M - ring of resist corrosion

@: no status effects
A: antennae 1, repulsion field 2, blurry vision 1, frail 2, nightstalker 1,
sense surroundings 1, powered by death 1, weak 1
a: Renounce Religion


You were on level 1 of the Orcish Mines.
You worshipped Xom.
You were a beloved toy of Xom.
You were hungry.

You visited 2 branches of the dungeon, and saw 10 of its levels.

You collected 494 gold pieces.

Inventory:

Hand Weapons
 m - a +4 spear of draining
 q - the +11 flail "Eviscerator" {crush, Int+5}
   (You found it on level 5 of the Dungeon)

   It inflicts extra damage upon your enemies.
   It affects your intelligence (+5).
 w - the +4 hand axe of the Shallot {speed, Str+5}
   (You found it on level 4 of the Dungeon)

   Attacks with this weapon are significantly faster.
   It affects your strength (+5).
 A - the +8 spear "Xizecral" (weapon) {elec, *Slow rPois rF+ Str+2}
   (You found it on level 8 of the Dungeon)

   Occasionally, upon striking a foe, it will discharge some electrical energy
   and cause terrible harm.
   It affects your strength (+2).
   It protects you from fire.
   It protects you from poison.
   It may slow you when you take damage.
Armour
 b - a +2 leather armour
 i - a +1 plate armour (worn)
 y - a +0 pair of boots (worn)
Jewellery
 r - a +3 amulet of reflection (around neck)
 v - a +5 ring of strength (left hand)
 C - an uncursed ring of positive energy
 F - an uncursed ring of magical power
 M - a ring of resist corrosion (right hand)
Wands
 s - a wand of digging (19)
 E - a wand of polymorph (3)
 K - a wand of paralysis (11)
Scrolls
 f - a scroll of identify
 h - 3 scrolls of immolation
 k - 4 scrolls of enchant weapon
 l - 6 scrolls of remove curse
 n - 7 scrolls of teleportation
 o - a scroll of blinking
 I - a scroll of fear
 J - a scroll of fog
Potions
 a - 3 potions of might
 d - a potion of agility {unknown}
 e - 3 potions of brilliance
 g - a potion of flight {unknown}
 j - a potion of ambrosia {unknown}
 p - 3 potions of curing
 t - 2 potions of invisibility {unknown}
 u - a potion of haste {unknown}
 x - a potion of magic {unknown}
 z - a potion of experience {unknown}
 B - a potion of resistance {unknown}
 D - 2 potions of heal wounds {unknown}
 H - 2 potions of degeneration {unknown}
 N - a potion of lignification {unknown}
Comestibles
 c - 18 rations


   Skills:
 + Level 7.3 Fighting
   Level 3.2 Long Blades
 + Level 10.4(10.7) Axes
 + Level 3.4(7.5) Polearms
 + Level 6.9 Armour
 + Level 2.0 Dodging
 + Level 2.8 Stealth
 + Level 0.7 Evocations


You had 9 spell levels left.
You didn't know any spells.
Your spell library contained the following spells:

 Spells                   Type           Power        Failure   Level  Hunger
 Magic Dart               Conj           #...         99%         1    ##.....
 Searing Ray              Conj           #.....       100%        2    ###....
 Dazzling Spray           Conj/Hex       #.....       100%        3    ####...
 Force Lance              Conj/Tloc      #.......     100%        4    #####..
 Fulminant Prism          Conj/Hex       #.........   100%        4    #####..
 Iskenderun's Mystic Bla  Conj           #.......     100%        4    #####..


Dungeon Overview and Level Annotations

Branches:
Dungeon (9/15)             Temple (0/1) D:7             Orc (1/2) D:9
   Lair: D:8-11

Altars:
Dithmenos
Fedhas
Kikubaaqudgha
Makhleb
Ru
Sif Muna
Trog
Xom
Yredelemnul
The Shining One
Beogh

Shops:
D:9 ?

Annotations:
D:8 exclusions: ice statue and obsidian statue


Innate Abilities, Weirdness & Mutations

You have a pair of small antennae on your head.
You are surrounded by a moderate repulsion field. (EV +3)
You are slightly more attuned to the shadows.
You regenerate a little health from kills.
Scrolls take you a little longer to read.
You are very frail. (-20% HP)
You passively map a small area around you.
You are weak. (Str -2)


Message History

You closely miss the orc. The troll bites you!
The troll claws you but does no damage. The troll misses you.
You hear some strange, mumbled words.
A magic dart appears from out of thin air!
The magic dart hits you. The orc hits you with a +0 club.
You're too confused to move!
You feel less confused. The orc warrior closely misses you.
The troll bites you! The troll claws you!
* * * LOW HITPOINT WARNING * * *
The troll claws you.
* * * LOW HITPOINT WARNING * * *
Something hits you but does no damage. The orc hits you but does no damage.
The orc hits you but does no damage. The troll barely misses you.
The troll claws you but does no damage. x2
You begin reading the scroll.
You continue reading the scroll.
The orc warrior barely misses you.
The orc priest calls down the wrath of Beogh upon you.
Beogh smites you!
You die...
Xom chuckles heartily!

, , * , , * ###
# * ** #..#*
*.# * * ##...##
##.### *
.#._...# .....#
*
.......##.$....
, ,#.o@)<.# , ,
##o{T.##* *
**#ooo)$# , * ,
#oT....... , ,,
,,.o.o##......
..... ####...#*
*...... .... *
#..... *... , *


You could see 2 trolls, 2 orc warriors, an orc priest and 5 orcs.

Vanquished Creatures
  Harold (D:7)
  A dancing weapon (D:6)
  The ghost of dengdeng the Protected, a novice MiBe of Trog (D:6)
  Joseph (D:9)
  Prince Ribbit (D:9)
  A hippogriff (D:7)
  Sigmund (D:5)
  A hungry ghost (D:7)
  Menkaure (D:7)
  2 sky beasts
  3 orc warriors
  3 ice beasts
  3 phantoms
  2 black bears
  10 ogres
  2 centaurs (D:7)
  4 bullfrogs
  A scorpion (D:8)
  4 wights (D:6)
  A crimson imp (D:9)
  A centaur zombie (D:8)
  A hound (D:8)
  4 orc wizards
  2 jellies
  2 orc priests
  3 iguanas
  A worker ant (D:8)
  A killer bee zombie (D:7)
  A hound skeleton (D:4)
  A worker ant zombie (D:9)
  2 gnolls (D:5)
  11 adders
  A river rat (D:4)
  A shadow imp (D:9)
  2 adder zombies
  2 worms (D:2)
  A dart slug (D:1)
  7 leopard geckos
  27 orcs
  6 ball pythons
  9 giant cockroaches
  15 hobgoblins
  21 jackals
  3 quokkas
  4 bats
  5 frilled lizards
  A giant cockroach zombie (D:5)
  11 goblins
  3 kobolds
  A leopard gecko skeleton (D:7)
  2 leopard gecko zombies (D:7)
  A quokka zombie (D:7)
  5 rats
  A rat zombie (D:7)
203 creatures vanquished.

Vanquished Creatures (collateral kills)
  A sky beast (D:5)
  An ogre (D:5)
  A scorpion (D:8)
  A gnoll shaman (D:5)
  A gnoll (D:5)
  A giant cockroach (D:2)
  A jackal (D:5)
7 creatures vanquished.

Vanquished Creatures (others)
  Ijyb (D:3)
1 creature vanquished.

Grand Total: 211 creatures vanquished

Notes
Turn   | Place    | Note
-------+----------+-------------------------------------------
     0 | D:1      | Sondor the Demonspawn Chaos Knight began the quest for the
                  | Orb.
     0 | D:1      | Reached XP level 1. HP: 18/18 MP: 1/1
    15 | D:1      | XOM: divination: detect creatures
   294 | D:1      | Gained mutation: You regenerate a little health from kills.
                  | [demonic ancestry]
   294 | D:1      | Reached XP level 2. HP: 7/24 MP: 2/2
  1028 | D:2      | XOM: silly message
  1094 | D:2      | Reached XP level 3. HP: 25/29 MP: 3/3
  1145 | D:2      | Reached skill level 1 in Dodging
  1255 | D:2      | XOM: silly message
  1275 | D:2      | XOM: noise
  1323 | D:2      | Reached skill level 1 in Polearms
  1353 | D:2      | XOM: cast spell 'Shadow Creatures'
  1361 | D:2      | Reached XP level 4. HP: 21/35 MP: 4/4
  1441 | D:2      | XOM: harmless Chrm miscast
  2192 | D:3      | Found a faded altar of an unknown god.
  2206 | D:3      | Reached skill level 1 in Stealth
  2292 | D:3      | Noticed Ijyb
  2310 | D:3      | Killed Ijyb
  2310 | D:3      | XOM: divine lightning
  2588 | D:4      | Gained mutation: You are resistant to hostile enchantments.
                  | (MR+) [potion of mutation]
  2588 | D:4      | Gained mutation: You are dopey. (Int -2) [potion of
                  | mutation]
  2588 | D:4      | Gained mutation: You passively map a small area around you.
                  | [potion of mutation]
  2626 | D:4      | Found a bloodstained altar of Trog.
  2631 | D:4      | XOM: smoke on damage
  2634 | D:4      | Reached XP level 5. HP: 38/42 MP: 5/5
  2915 | D:4      | Got a twisted hand axe
  2916 | D:4      | Identified the +4 hand axe of the Shallot {speed, Str+5}
                  | (You found it on level 4 of the Dungeon)
  3197 | D:4      | XOM: harmless Necr miscast
  3215 | D:4      | XOM: harmless Tloc miscast
  3523 | D:5      | Entered Level 5 of the Dungeon
  3541 | D:5      | XOM: summons friendly iron imp
  3563 | D:5      | Found an ancient bone altar of Kikubaaqudgha.
  3595 | D:5      | Reached skill level 1 in Axes
  3598 | D:5      | Gained mutation: You are slightly more attuned to the
                  | shadows. [demonic ancestry]
  3598 | D:5      | Reached XP level 6. HP: 45/48 MP: 6/6
  3607 | D:5      | Reached skill level 2 in Axes
  3665 | D:5      | XOM: cloud trail
  3812 | D:5      | Noticed Sigmund
  3815 | D:5      | XOM: summons friendly shadow imp
  3822 | D:5      | Killed Sigmund
  3856 | D:5      | Noticed a sky beast
  3859 | D:5      | XOM: divine lightning
  3864 | D:5      | XOM: smoke on damage
  3865 | D:5      | XOM: summons friendly shadow imp
  3868 | D:5      | Killed a sky beast
  3868 | D:5      | Reached skill level 3 in Axes
  3895 | D:5      | Got a pitted flail
  3907 | D:5      | Reached XP level 7. HP: 44/54 MP: 7/7
  3908 | D:5      | Identified the +11 flail "Eviscerator" {crush, Int+5} (You
                  | found it on level 5 of the Dungeon)
  3937 | D:5      | Found a sacrificial altar of Ru.
  4236 | D:5      | XOM: divination: detect creatures
  4275 | D:6      | Reached skill level 4 in Axes
  4292 | D:6      | XOM: give mutations
  4292 | D:6      | Lost mutation: You are dopey. (Int -2) [Xom's mischief]
  4292 | D:6      | Lost mutation: You are resistant to hostile enchantments.
                  | (MR+) [Xom's mischief]
  4292 | D:6      | Gained mutation: You are frail. (-10% HP) [Xom's mischief]
  4352 | D:6      | XOM: 5-stop teleportation journey
  4412 | D:6      | Found a shadowy altar of Dithmenos.
  4478 | D:6      | XOM: scenery: create altars
  4543 | D:6      | XOM: scenery: create altars
  4561 | D:6      | XOM: fog
  5149 | D:6      | Found a runed translucent door.
  5149 | D:6      | Found a shimmering altar of Xom.
  5149 | D:6      | Noticed dengdeng's ghost (novice MiBe)
  5152 | D:6      | Noticed a +2 flail of chaos
  5178 | D:6      | Killed a +2 flail of chaos
  5178 | D:6      | Reached skill level 5 in Fighting
  5178 | D:6      | Reached skill level 6 in Axes
  5178 | D:6      | Reached skill level 5 in Armour
  5178 | D:6      | Gained mutation: You are surrounded by a mild repulsion
                  | field. (EV +2) [demonic ancestry]
  5178 | D:6      | Reached XP level 8. HP: 41/55 MP: 8/8
  5195 | D:6      | Killed dengdeng's ghost
  5195 | D:6      | Reached skill level 7 in Axes
  5195 | D:6      | Gained mutation: You are surrounded by a moderate repulsion
                  | field. (EV +3) [demonic ancestry]
  5195 | D:6      | Reached XP level 9. HP: 16/61 MP: 9/9
  5467 | D:6      | Found a runed translucent door.
  5743 | D:6      | XOM: polymorph orc -> ball python
  5827 | D:6      | Found a roughly hewn altar of Beogh.
  5836 | D:6      | XOM: harmless Chrm miscast
  5912 | D:7      | Found a staircase to the Ecumenical Temple.
  5939 | D:7      | Noticed Harold
  5940 | D:7      | XOM: fake destruction
  5964 | D:7      | Killed Harold
  5964 | D:7      | Reached skill level 8 in Axes
  6095 | D:7      | XOM: harmless Tloc miscast
  6189 | D:7      | XOM: harmless Summ miscast
  6230 | D:7      | XOM: enchant monster (bad)
  6250 | D:7      | Reached skill level 9 in Axes
  6315 | D:7      | XOM: divination: detect creatures
  6343 | D:7      | XOM: polymorph orc wizard -> centaur
  6410 | D:7      | Gained mutation: You have a pair of small antennae on your
                  | head. [demonic ancestry]
  6410 | D:7      | Reached XP level 10. HP: 20/69 MP: 10/10
  6763 | D:7      | XOM: give mutations
  6763 | D:7      | Gained mutation: You are weak. (Str -2) [Xom's mischief]
  6763 | D:7      | Gained mutation: Scrolls take you a little longer to read.
                  | [Xom's mischief]
  6763 | D:7      | Gained mutation: You are very frail. (-20% HP) [Xom's
                  | mischief]
  6839 | D:7      | Found a glowing golden altar of the Shining One.
  6839 | D:7      | Noticed Menkaure
  6843 | D:7      | Killed Menkaure
  6858 | D:7      | Found a basalt altar of Yredelemnul.
  6886 | D:7      | Noticed an angel
  6954 | D:7      | Found a blossoming altar of Fedhas.
  6958 | D:7      | XOM: chaos upgrade
  7032 | D:7      | Found a burning altar of Makhleb.
  7038 | D:7      | XOM: smoke on damage
  7045 | D:7      | Reached skill level 10 in Axes
  7417 | D:8      | XOM: harmless Summ miscast
  7419 | D:8      | XOM: god gift: ration
  7566 | D:8      | Noticed an obsidian statue
  7569 | D:8      | Noticed a soul eater
  7577 | D:8      | HP: 1/61 [red devil/+0 demon trident[an obsidian statue]
                  | (3)]
  7749 | D:8      | XOM: divination: detect items
  7903 | D:8      | Got a polished spear
  7904 | D:8      | Identified the +8 spear "Xizecral" {elec, *Slow rPois rF+
                  | Str+2} (You found it on level 8 of the Dungeon)
  7944 | D:8      | Noticed an ice statue
  8009 | D:8      | Found a bloodstained altar of Trog.
  8071 | D:8      | Found a deep blue altar of Sif Muna.
  8362 | D:9      | Found a staircase to the Orcish Mines.
  8411 | D:9      | Noticed Joseph
  8422 | D:9      | Killed Joseph
  8914 | D:9      | Noticed Prince Ribbit
  8918 | D:9      | Killed Prince Ribbit
  9105 | D:9      | Found Jacuazew's Magic Scroll Boutique.
  9481 | Orc:1    | Entered Level 1 of the Orcish Mines
  9496 | Orc:1    | XOM: scenery: create altars
  9500 | Orc:1    | Killed from afar by an orc priest

Skill      XL: |  1  2  3  4  5  6  7  8  9 10 |
---------------+-------------------------------+-----
Long Blades    | 3 |  3.2
Dodging        | 1 2 |  2.0
Armour         | 2 3 5 6 |  6.9
Polearms       | 1 2 3 |  3.4
Stealth        | 1 2 |  2.8
Axes           | 1 3 6 7 9 10 | 10.4
Fighting       | 4 5 6 7 |  7.3
Evocations     | |  0.7

Action                   |  1- 3 |  4- 6 |  7- 9 | 10-12 || total
-------------------------+-------+-------+-------+-------++-------
Melee: Falchion          |    22 |       |       |       ||    22
       Spear             |   106 |   115 |       |   104 ||   325
       Hand axe          |       |    88 |   316 |   138 ||   542
Evoke: Wand              |       |       |       |     2 ||     2
  Use: Scroll            |       |    11 |       |    13 ||    24
       Potion            |       |     1 |       |     1 ||     2
 Stab: Sleeping          |     2 |       |       |       ||     2
       Distracted        |       |     1 |       |       ||     1
  Eat: Chunk             |     2 |     4 |     1 |     8 ||    15
       Ration            |       |     1 |     2 |     1 ||     4
Armor: Leather armour    |    48 |     5 |       |       ||    53
       Scale mail        |       |    54 |       |       ||    54
       Plate armour      |       |    23 |    77 |    84 ||   184
Dodge: Dodged            |    67 |    84 |    93 |    63 ||   307
Block: Other             |       |    10 |    26 |    13 ||    49
       Reflection        |       |       |       |     1 ||     1
       Rpst.: Falchion   |     5 |       |       |       ||     5
